 Dungeon Crawl Stone Soup version 0.18.1-8-gdd0e5ea (webtiles) character file.

289 M4edhros the Insei (level 6, -3/32 HPs)
             Began as an Octopode Necromancer on May 23, 2016.
             Was an Initiate of Cheibriados.
             Slain by a giant gecko (4 damage)
             ... on level 5 of the Dungeon.
             The game lasted 00:10:23 (1562 turns).

M4edhros the Insei (Octopode Necromancer)           Turns: 1562, Time: 00:10:24

Health: -3/32      AC:  3    Str:  8    XL:     6   Next: 31%
Magic:  3/9        EV: 18    Int: 19    God:    Cheibriados [......]
Gold:   110        SH:  0    Dex: 20    Spells: 3 memorised, 4 levels left

rFire  . . .     SeeInvis .       - Unarmed
rCold  . . .     Gourm    .     (no shield)
rNeg   . . .     Faith    +     (helmet restricted)
rPois  .         Spirit   .     c - amulet of faith
rElec  .         Dismiss  .     l - ring of wizardry
rCorr  .         Reflect  .     (no ring)
SustAt .         Harm     .     (no ring)
MR     .....                    (no ring)
Stlth  +++++.....               (no ring)
                                (no ring)
                                (no ring)
                                (no ring)

@: agile, very slow, not resistant to hostile enchantments, quite stealthy
A: almost no armour, amphibious, 8 rings, constrict 8, antennae 1, yellow scales
1, camouflage 1, frail 1, gelatinous body 1
a: Bend Time, Renounce Religion


You were on level 5 of the Dungeon.
You worshipped Cheibriados.
Cheibriados was noncommittal.
You were hungry.

You visited 2 branches of the dungeon, and saw 6 of its levels.

You collected 110 gold pieces.

Inventory:

Hand Weapons
 f - a +0 hunting sling
Missiles
 d - 52 stones (quivered)
 g - 6 javelins
 m - 22 sling bullets
Jewellery
 c - an amulet of faith (around mantle)
 l - a ring of wizardry (left tentacle)
Wands
 j - a wand of paralysis (2/24)
Books
 a - a book of Necromancy

   Spells                             Type                      Level
   a - Pain                           Necromancy                   1
   b - Animate Skeleton               Necromancy                   1
   c - Vampiric Draining              Necromancy                   3
   d - Regeneration                   Charms/Necromancy            3
   e - Animate Dead                   Necromancy                   4
   f - Control Undead                 Necromancy                   4
Comestibles
 b - a slice of pizza
 i - 6 chunks of flesh


   Skills:
 - Level 2.0 Dodging
 - Level 2.6 Stealth
 + Level 6.0 Unarmed Combat
 - Level 2.0 Spellcasting
 - Level 4.0 Necromancy


You had 4 spell levels left.
You knew the following spells:

 Your Spells              Type           Power        Failure   Level  Hunger
a - Pain                  Necr           ###.         1%          1    #......
b - Animate Skeleton      Necr           N/A          1%          1    #......
r - Regeneration          Chrm/Necr      #.........   9%          3    ###....


Dungeon Overview and Level Annotations

Branches:
Dungeon (5/15)             Temple (1/1) D:4

Altars:
Ashenzari
Cheibriados
Fedhas
Gozag
Qazlal
Sif Muna
Vehumet
Yredelemnul
The Shining One

Annotations:
D:3 Tux's ghost, amateur VSMo


Innate Abilities, Weirdness & Mutations

You cannot wear most types of armour.
You are amphibious.
You can wear up to eight rings at the same time.
You can use your tentacles to constrict eight enemies at once.
Your skin changes colour to match your surroundings (Stealth).
Your rubbery body absorbs attacks (AC +1).
You have a pair of small antennae on your head.
You are partially covered in yellow scales (AC +2).
You are frail (-10% HP).


Message History

The giant gecko misses you.
Your adder skeleton closely misses the giant gecko.
Something barely misses you. The giant newt barely misses you.
Evoke which item? (* to show all) (? for menu, Esc to quit)
Zapping:
j - a wand of paralysis (4/24)
Press: ? - help, Shift-Dir - straight line, f - giant gecko
Aim: a giant gecko (chance to defeat MR: 81%) Nothing appears to happen.
This wand has 3 charges left.
The giant gecko misses you.
Your adder skeleton bites the giant gecko.
The giant gecko barely misses you.
The giant newt bites you but does no damage.
Evoke which item? (* to show all) (? for menu, Esc to quit)
Zapping:
j - a wand of paralysis (3/24)
Press: ? - help, Shift-Dir - straight line, f - giant gecko
Aim: a giant gecko (lightly wounded, chance to defeat MR: 81%) Nothing appears to happen.
This wand has 2 charges left.
Your adder skeleton misses the giant gecko.
The giant gecko bites you.
You die...

.#....## #............
.##....# ###(...........
.......##...............
....!...................
.........###.........%..
.....###.###............
....####..######........
................{Z......
......###.######@l......
....#.....# #.l......
#########.. #........
#... #........ #....
#........ #....#
##....... ###### #......
######


You could see a giant gecko, a giant newt and a friendly adder skeleton.

Vanquished Creatures
  2 orc priests (D:4)
  3 orc wizards (D:4)
  An iguana (D:4)
  A worker ant (D:4)
  5 adders
  A worm (D:2)
  A giant gecko (D:4)
  10 orcs
  2 giant cockroaches
  4 goblins
  3 hobgoblins
  A quokka (D:2)
  3 bats (D:1)
  3 giant newts
  3 kobolds
  A rat (D:1)
44 creatures vanquished.

Vanquished Creatures (collateral kills)
  A dart slug (D:3)
  A giant gecko (D:3)
  A rat (D:1)
3 creatures vanquished.

Grand Total: 47 creatures vanquished

Notes
Turn   | Place    | Note
--------------------------------------------------------------
     0 | D:1      | M4edhros the Octopode Necromancer began the quest for the Orb.
     0 | D:1      | Reached XP level 1. HP: 11/11 MP: 3/3
    45 | D:1      | Reached skill level 1 in Unarmed Combat
    56 | D:1      | Learned a level 1 spell: Animate Skeleton
   239 | D:1      | Reached XP level 2. HP: 3/17 MP: 0/5
   536 | D:1      | Reached skill level 2 in Unarmed Combat
   595 | D:3      | Reached XP level 3. HP: 21/21 MP: 6/6
   628 | D:3      | Learned a level 3 spell: Regeneration
   633 | D:3      | Found a basalt altar of Yredelemnul.
   658 | D:3      | Noticed Tux's ghost (amateur VSMo)
   659 | D:3      | Reached skill level 3 in Unarmed Combat
   801 | D:2      | Found a blossoming altar of Fedhas.
   915 | D:4      | Reached skill level 4 in Unarmed Combat
   915 | D:4      | Reached XP level 4. HP: 9/27 MP: 5/7
   920 | D:4      | Noticed a phantom
   930 | D:4      | Reached XP level 5. HP: 5/31 MP: 3/8
   933 | D:4      | Noticed a hungry ghost
   939 | D:4      | HP: 1/31 [phantom (7)]
   940 | D:4      | Reached skill level 5 in Unarmed Combat
   969 | D:4      | Found a staircase to the Ecumenical Temple.
  1176 | D:4      | Gained mutation: You are frail (-10% HP). [potion of mutation]
  1176 | D:4      | Gained mutation: You are partially covered in yellow scales (AC +2). [potion of mutation]
  1176 | D:4      | Gained mutation: You have a pair of small antennae on your head. [potion of mutation]
  1291 | D:4      | Found a deep blue altar of Sif Muna.
  1376 | D:4      | Reached XP level 6. HP: 17/32 MP: 2/9
  1396 | Temple   | Entered the Ecumenical Temple
  1422 | Temple   | Became a worshipper of Cheibriados the Contemplative
  1508 | D:5      | Entered Level 5 of the Dungeon
  1517 | D:5      | Reached skill level 6 in Unarmed Combat
  1549 | D:5      | Noticed a sky beast
  1559 | D:5      | HP: 1/32 [giant newt (2)]
  1562 | D:5      | Slain by a giant gecko

Skill      XL: |  1  2  3  4  5  6 |
---------------+-------------------+-----
Unarmed Combat | 1 2 4 5 6 |  6.0
Dodging        | |  2.0
Stealth        | |  2.6
Spellcasting   | |  2.0
Necromancy     | |  4.0

Action                   |  1- 3 |  4- 6 || total
-------------------------+-------+-------++-------
Melee: Unarmed           |    54 |    67 ||   121
       Constrict         |    13 |    12 ||    25
       Tentacles         |     5 |    13 ||    18
       Punch             |       |     2 ||     2
 Cast: Pain              |    16 |       ||    16
       Animate Skeleton  |     6 |     5 ||    11
       Regeneration      |     7 |     8 ||    15
Evoke: Wand              |     2 |    13 ||    15
  Use: Potion            |     5 |     4 ||     9
       Scroll            |     3 |     1 ||     4
 Stab: Sleeping          |     7 |     1 ||     8
       Paralysed         |     1 |     5 ||     6
  Eat: Chunk             |     2 |     5 ||     7
       Bread ration      |       |     1 ||     1
Armor: Skin              |     2 |    11 ||    13
Dodge: Dodged            |    17 |    45 ||    62
